 Dungeon Crawl Stone Soup version 0.31-a0-233-g139696dc86 (webtiles) character file.

Game seed: 13824095383359364446

973 qw the Shooter (level 8, -12/48 HPs)
             Began as a Gargoyle Hexslinger on July 7, 2023.
             Was an Initiate of Okawaru.
             Killed from afar by Maggie (23 damage)
             ... with a bolt of fire
             ... on level 5 of the Dungeon.
             The game lasted 00:02:03 (5426 turns).

qw the Shooter (Gargoyle Hexslinger)                Turns: 5426, Time: 00:02:03

Health: -12/48     AC: 14    Str: 12    XL:     8   Next: 16%
Magic:  8/9        EV: 13    Int: 14    God:    Okawaru [......]
Gold:   176        SH:  0    Dex: 14    Spells: 8/9 levels left

rFire   . . .        Y - +6 sling
rCold   . . .        (no shield)
rNeg    + . .        b - +0 ring mail
rPois   inf          (no helmet)
rElec   +            (no cloak)
rCorr   .            k - +0 pair of gloves
SInv    .            f - +0 pair of boots {rampage}
Will    .....        (no amulet)
Stlth   ++           (no ring)
HPRegen 0.28/turn    (no ring)
MPRegen 0.11/turn

%: rampage
@: about to teleport, heroic
A: sickness immunity, AC +5, negative energy resistance 1, electricity
resistance, torment resistance 1, petrification resistance
a: Renounce Religion


You were on level 5 of the Dungeon.
You worshipped Okawaru.
Okawaru was noncommittal.
You visited 2 branches of the dungeon, and saw 7 of its levels.
You also visited: Sewer.

You collected 316 gold pieces.
You spent 140 gold pieces at shops.


Innate Abilities, Weirdness & Mutations

You are immune to sickness and miasma.
Your stone body is resilient. (AC +5)
You are immune to poison.
You resist negative energy. (rN+)
You are resistant to electric shocks. (rElec)
You are resistant to unholy torment.
You are immune to petrification.


   Skills:
 - Level 4.4(9.4) Fighting
 + Level 7.9(12.9) Ranged Weapons
 - Level 2.1(7.1) Armour
 - Level 1.5(6.5) Dodging
 - Level 1.0 Spellcasting
 - Level 2.6 Hexes
 - Level 1.5 Invocations


You had 8 spell levels left.
You knew the following spells:

 Your Spells              Type           Power      Damage    Failure   Level
a - Slow                  Hex            32%        N/A       17%         1

Your spell library contained the following spells:

 Spells                   Type           Power      Damage    Failure   Level
 Inner Flame              Hex/Fire       4%         N/A       65%         3
 Portal Projectile        Hex/Tloc       8%         N/A       65%         3
 Cause Fear               Hex            4%         N/A       86%         4

Inventory:

Hand Weapons
 Y - a +6 sling (weapon)
Armour
 b - a +0 ring mail (worn)
 f - a +0 pair of boots of rampaging (worn)
 k - a +0 pair of gloves (worn)
Scrolls
 h - a scroll of identify
Potions
 c - a potion of resistance
 d - a potion of lignification {unknown}
 e - a potion of haste
 g - a potion of might {unknown}
 i - a potion of magic {unknown}
 j - a potion of curing
 l - 2 potions of enlightenment

Dungeon Overview and Level Annotations

Branches:
Dungeon (6/15)             Temple (1/1) D:5           Sewer (visited)

Altars:
Ashenzari
Cheibriados
Dithmenos
Elyvilon
Fedhas
Gozag
Hepliaklqana
Kikubaaqudgha
Makhleb
Nemelex Xobeh
Okawaru
Qazlal
Ru
Sif Muna
Trog
Uskayaw
Wu Jian
Xom
Yredelemnul
Zin
The Shining One

Shops:
D:4 !

Annotations:
D:5 Maggie


Message History

Maggie hits you with a +0 war axe.
You shoot a sling bullet. The sling bullet hits Maggie!
Maggie is heavily wounded.
Maggie hits you but does no damage.
You shoot a sling bullet. The sling bullet hits Maggie.
Maggie is heavily wounded.
You shoot a sling bullet. The sling bullet hits Maggie.
Maggie is heavily wounded.
Maggie mutters to herself, "Master Lance won't take me back.
This is the way forward."
Maggie closely misses you.
You shoot a sling bullet. The sling bullet hits Maggie.
Maggie is severely wounded.
Maggie barely misses you.
You shoot a sling bullet. The sling bullet closely misses Maggie.
You break out of your daze.
Maggie closely misses you.
You shoot a sling bullet. The sling bullet barely misses Maggie.
Maggie drinks a potion.
Maggie is healed!
You shoot a sling bullet.
The sling bullet hits Maggie but does no damage.
Maggie is heavily wounded.
Maggie hits you but does no damage.
You shoot a sling bullet. The sling bullet barely misses Maggie.
Maggie barely misses you.
You shoot a sling bullet. The sling bullet barely misses Maggie.
You shoot a sling bullet.
The sling bullet hits Maggie but does no damage.
Maggie is heavily wounded.
Maggie casts a spell at you. The bolt of fire hits you!
5425 ||| READING scroll of teleportation.
As you read the scroll of teleportation, it crumbles to dust.
You feel strangely unstable.
Maggie mumbles some strange words.
Maggie attempts to bespell you! You resist with almost no effort.
You shoot a sling bullet. The sling bullet hits Maggie.
Maggie is heavily wounded.
Maggie casts a spell at you. The bolt of fire hits you!!
You die...

..(##.###.....# #.#####
%..##.........# #.....#
...######.....# #####.#
##.# #..<..# #.# #.##
####### ###.# #..#
#...#
##.################.###
#.#.......#....@.#.#
#.#.#####.#...@..#.#
#.#.#####.#.####.#.#
#))....##.#.##.....#
#####.##.........#.###
.# #.#####.#.####.# .#
#.......#......# .#
#########......# .#
#.###### .# #.#


You could see Maggie.

Vanquished Creatures
  A water moccasin (Sewer)
  A black bear (D:5)
  A gnoll sergeant (D:6)
  A scorpion (D:5)
  A howler monkey (D:6)
  2 hounds
  2 orc priests (D:3)
  A jelly (D:4)
  4 iguanas
  2 sleepcaps
  An orc wizard (D:6)
  8 gnolls
  8 adders
  A shadow imp (D:6)
  A white imp (D:6)
  An ufetubus (D:5)
  A dart slug (D:2)
  13 orcs
  8 ball pythons
  12 endoplasms
  9 giant cockroaches
  11 goblins
  9 hobgoblins
  4 jackals (Sewer)
  3 kobolds
  8 quokkas
  5 bats
  5 frilled lizards
  5 rats
129 creatures vanquished.

Notes
Turn   | Place    | Note
-------+----------+-------------------------------------------
     0 | D:1      | qw the Gargoyle Hexslinger began the quest for the Orb.
     0 | D:1      | Reached XP level 1. HP: 12/12 MP: 2/2
     0 | D:1      | 0 ||| qw: Version: 0.3-a-46-gb1f654a
     0 | D:1      | 0 ||| qw: Game counter: 3178
     0 | D:1      | 0 ||| qw: Melee chars always use a shield: true
     0 | D:1      | 0 ||| qw: God list: Okawaru
     0 | D:1      | 0 ||| qw: Allow faded altars: false
     0 | D:1      | 0 ||| qw: Do Orc after clearing Dungeon:15 true
     0 | D:1      | 0 ||| qw: Do second Lair branch before Depths: true
     0 | D:1      | 0 ||| qw: Lair rune preference: random
     0 | D:1      | 0 ||| qw: Goals: Normal
     0 | D:1      | 0 ||| PLANNING D:1-11
    68 | D:1      | Reached XP level 2. HP: 16/16 MP: 3/3
   209 | D:1      | Reached skill level 3 in Ranged Weapons
   407 | D:1      | Reached XP level 3. HP: 21/21 MP: 4/4
   655 | D:1      | 655 ||| UPGRADING to +0 pair of gloves.
   660 | D:1      | 660 ||| READING scroll labelled SAESHRON XUOD.
   661 | D:1      | 661 ||| READING scroll labelled FEHOSUNGEF.
   662 | D:1      | 662 ||| READING 2 scrolls labelled SULUUM ATA.
   663 | D:1      | 663 ||| READING scroll labelled ONAIKHL KITUISS.
   664 | D:1      | 664 ||| READING scroll labelled YGRABUSEAT.
   665 | D:1      | 665 ||| DROPPING scroll of poison.
   893 | D:2      | Reached XP level 4. HP: 26/26 MP: 5/5
   964 | D:2      | Reached skill level 4 in Ranged Weapons
  1276 | D:2      | You fall into a shaft and drop 1 floor!
  1389 | D:3      | Reached XP level 5. HP: 14/30 MP: 6/6
  1522 | D:3      | Reached skill level 5 in Ranged Weapons
  1700 | D:3      | 1700 ||| UPGRADING to +0 ring mail.
  1710 | D:3      | 1710 ||| DROPPING +0 robe.
  1711 | D:3      | 1711 ||| READING scroll labelled GUNASA BUFO.
  1712 | D:3      | 1712 ||| READING scroll labelled NIROCASUOQU.
  1715 | D:3      | 1715 ||| DRINKING 2 sapphire potions.
  1716 | D:3      | 1716 ||| DRINKING 2 green potions.
  1717 | D:3      | 1717 ||| READING 2 scrolls of identify.
  1717 | D:3      | 1717 ||| IDENTIFYING glowing coppery potion
  1718 | D:3      | 1718 ||| DROPPING potion of brilliance.
  1719 | D:3      | 1719 ||| Stepping randomly (stuck).
  1786 | D:3      | 1786 ||| FLEEEEING.
  1787 | D:3      | 1787 ||| STAIRDANCE
  2157 | D:3      | 2157 ||| STAIRDANCE
  2247 | D:3      | 2247 ||| READING 3 scrolls of enchant weapon.
  2247 | D:3      | 2247 ||| ENCHANTING +2 sling.
  2248 | D:3      | 2248 ||| READING 2 scrolls of enchant weapon.
  2248 | D:3      | 2248 ||| ENCHANTING +3 sling.
  2249 | D:3      | 2249 ||| READING scroll of enchant weapon.
  2249 | D:3      | 2249 ||| ENCHANTING +4 sling.
  2313 | D:3      | 2313 ||| READING scroll of enchant weapon.
  2313 | D:3      | 2313 ||| ENCHANTING +5 sling.
  2431 | D:3      | Reached skill level 1 in Armour
  2719 | D:3      | 2719 ||| READING 2 scrolls of identify.
  2719 | D:3      | 2719 ||| IDENTIFYING red potion
  2909 | D:4      | Reached skill level 3 in Fighting
  2909 | D:4      | Reached XP level 6. HP: 37/37 MP: 7/7
  3333 | D:4      | Found Liv Rihi's Distillery.
  3336 | D:4      | 3336 ||| SHOPLISTING 2 potions of cancellation (224 gold,
                  | have 179).
  3336 | D:4      | 3336 ||| BUYING potion of enlightenment (70 gold).
  3336 | D:4      | Bought a potion of enlightenment for 70 gold pieces
  3336 | D:4      | 3336 ||| SHOPLISTING potion of haste (140 gold, have 109).
  3336 | D:4      | 3336 ||| BUYING potion of heal wounds (70 gold).
  3336 | D:4      | Bought a potion of heal wounds for 70 gold pieces
  3336 | D:4      | 3336 ||| SHOPLISTING potion of heal wounds (70 gold, have
                  | 39).
  3462 | D:4      | 3462 ||| UPGRADING to +0 pair of boots of rampaging.
  3467 | D:4      | 3467 ||| READING 2 scrolls labelled MANEUR ONIQISCHOJIE.
  3468 | D:4      | 3468 ||| DROPPING scroll of immolation.
  3492 | D:5      | Entered Level 5 of the Dungeon
  3493 | D:5      | 3493 ||| PLANNING SEWER
  3564 | D:5      | Found a staircase to the Ecumenical Temple.
  3643 | D:5      | Reached skill level 6 in Ranged Weapons
  3677 | D:5      | Found a glowing drain.
  3689 | D:5      | 3689 ||| Stepping ~*~*~tactically~*~*~ (water).
  3698 | Sewer    | Entered a sewer
  3731 | Sewer    | Noticed a water moccasin
  3737 | Sewer    | HP: 9/37 [water moccasin (8)]
  3738 | Sewer    | 3738 ||| READING scroll of teleportation.
  3739 | Sewer    | Killed a water moccasin
  3740 | Sewer    | Reached XP level 7. HP: 12/44 MP: 8/8
  3937 | D:5      | 3937 ||| PLANNING TEMPLE
  4007 | Temple   | Entered the Ecumenical Temple
  4087 | Temple   | 4087 ||| PLANNING OKAWARU WORSHIP
  4218 | Temple   | Became a worshipper of Warmaster Okawaru
  4219 | Temple   | 4219 ||| PLANNING D:1-11
  4284 | D:5      | Found a glowing golden altar of the Shining One.
  4284 | D:5      | Found a blossoming altar of Fedhas.
  4292 | D:5      | Found an ornate altar of the Wu Jian Council.
  4294 | D:5      | Found a sparkling altar of Nemelex Xobeh.
  4296 | D:5      | Found a shimmering altar of Xom.
  4644 | D:5      | HP: 8/44 [black bear (9)]
  4645 | D:5      | 4645 ||| READING scroll of teleportation.
  4645 | D:5      | HP: 3/44 [black bear (2)]
  4646 | D:5      | 4646 ||| DRINKING 3 potions of heal wounds.
  4648 | D:5      | 4648 ||| DRINKING 2 potions of heal wounds.
  4747 | D:5      | Reached skill level 7 in Ranged Weapons
  4919 | D:5      | 4919 ||| READING scroll labelled RAADAESSUA.
  4948 | D:6      | 4948 ||| Stepping ~*~*~tactically~*~*~ (outnumbered).
  4949 | D:6      | 4949 ||| Stepping ~*~*~tactically~*~*~ (outnumbered).
  4964 | D:6      | HP: 10/44 [gnoll/+0 spear[a gnoll sergeant] (8)]
  4965 | D:6      | 4965 ||| DRINKING potion of heal wounds.
  4968 | D:6      | Reached * piety under Okawaru
  4969 | D:6      | Reached XP level 8. HP: 30/48 MP: 9/9
  4969 | D:6      | 4969 ||| INVOKING Heroism.
  4969 | D:6      | HP: 6/48 [gnoll/+1 spear of distortion[a gnoll sergeant]
                  | (20)]
  5165 | D:6      | 5165 ||| FLEEEEING.
  5166 | D:6      | 5166 ||| STAIRDANCE
  5299 | D:6      | 5299 ||| Stepping ~*~*~tactically~*~*~ (outnumbered).
  5302 | D:6      | Reached skill level 1 in Invocations
  5340 | D:6      | Noticed Maggie
  5343 | D:6      | 5343 ||| FLEEEEING.
  5344 | D:6      | 5344 ||| FLEEEEING.
  5345 | D:6      | 5345 ||| FLEEEEING.
  5346 | D:6      | 5346 ||| FLEEEEING.
  5348 | D:6      | 5348 ||| FLEEEEING.
  5349 | D:6      | 5349 ||| STAIRDANCE
  5402 | D:5      | 5402 ||| READING 2 scrolls labelled QINWEPH NAHAG.
  5403 | D:5      | 5403 ||| DROPPING scroll of fear.
  5409 | D:6      | 5409 ||| STAIRDANCE
  5413 | D:5      | 5413 ||| INVOKING Heroism.
  5424 | D:5      | HP: 11/48 [Maggie/bolt of fire (17)]
  5425 | D:5      | 5425 ||| READING scroll of teleportation.
  5426 | D:5      | Killed from afar by Maggie

Levels and vault maps discovered:
D:1:      minmay_arrival_open_corners, layout_rooms, serial_forest,
          infiniplex_forest_lined_3, infiniplex_forest_clump_curved,
          infiniplex_forest_side_room, infiniplex_forest_straight_4,
          infiniplex_forest_straight_2, infiniplex_forest_clump_double,
          infiniplex_forest_lined_3_way, infiniplex_forest_clump_double
D:2:      layout_basic
D:3:      layout_loops_corners, chequers_serial_rivers_micro_c
D:4:      nicolae_cairo_tiling_large_dashed, layout_loops_corners, serial_shops,
          kennysheep_mini_moat
D:5:      layout_loops_cross, chequers_temple_overflow_minitemple,
          minmay_temple_entry_drinking_statues, portal_sewer_entry_f
D:6:      layout_gridville, minmay_misc_feat_nine_boxes,
          amcnicky_mini_pool_small, uniq_grinder, uniq_maggie
Temple:   nicolae_temple_bog_church

Skill      XL: |  1  2  3  4  5  6  7  8 |
---------------+-------------------------+-----
Ranged Weapons | 3 4 5 6 7 |  7.9
Fighting       | 2 3 4 |  4.4
Armour         | 1 2 |  2.1
Invocations    | 1 |  1.5
Dodging        | |  1.5
Spellcasting   | |  1.0
Hexes          | |  2.6

Action                     |  1- 3 |  4- 6 |  7- 9 || total
---------------------------+-------+-------+-------++-------
   Fire: Sling             |   114 |   188 |   144 ||   446
 Invoke: Heroism           |       |       |     2 ||     2
    Use: Scroll            |     5 |    10 |     4 ||    19
         Potion            |       |     2 |     3 ||     5
 Armour: Robe              |     9 |    19 |       ||    28
         Ring mail         |       |    16 |    45 ||    61
  Dodge: Dodged            |    40 |    47 |    53 ||   140

Table legend:
 A = Non-vault XP
 B = Vault XP
 C = Vault XP percentage of total XP
 D = Non-vault monster count
 E = Vault monster count
 F = Vault count percentage of total count
                 A         B        C        D         E       F
            +---------+---------+-------+---------+---------+-------
      Total |    1226 |     165 |  11.9 |     119 |      10 |   7.8
            +---------+---------+-------+---------+---------+-------
        D:1 |      43 |       0 |   0.0 |      25 |       0 |   0.0
        D:2 |      67 |       0 |   0.0 |      25 |       0 |   0.0
        D:3 |     172 |       0 |   0.0 |      16 |       0 |   0.0
        D:4 |     161 |       0 |   0.0 |      18 |       0 |   0.0
        D:5 |     509 |      10 |   1.9 |      20 |       5 |  20.0
        D:6 |     274 |       0 |   0.0 |      15 |       0 |   0.0
      Sewer |       0 |     155 | 100.0 |       0 |       5 | 100.0
            +---------+---------+-------+---------+---------+-------
